 Dungeon Sprint DCSS version 0.30-a0-591-g3c58d2bc28 (webtiles) character file.

Game seed: 15469271927792118213

161 rocky1 the Geomancer (level 5, -5/28 HPs)
             Began as a Deep Elf Earth Elementalist on Jan 6, 2023.
             Was an Initiate of Vehumet.
             Slain by a deep elf pyromancer
             ... wielding a +2 long sword of holy wrath
              (10 damage)
             ... in the Dungeon (Sprint III: "The Ten Rune Challenge").
             The game lasted 00:02:20 (517 turns).

rocky1 the Geomancer (Deep Elf Earth Elementalist)   Turns: 517, Time: 00:02:21

Health: -5/28      AC:  2    Str:  5    XL:     5   Next: 19%
Magic:  5/17       EV: 12    Int: 22    God:    Vehumet [......]
Gold:   32         SH:  0    Dex: 15    Spells: 14/20 levels left

rFire   . . .      SeeInvis .    (no weapon)
rCold   . . .      Faith    .    (no shield)
rNeg    . . .      Spirit   .    a - +0 robe
rPois   .          Reflect  .    (no helmet)
rElec   .          Harm     .    (no cloak)
rCorr   .          Rampage  .    (no gloves)
Will    .....      NoTele   +    (no boots)
Stlth   ++                       (no amulet)
HPRegen 0.24/turn                (no ring)
MPRegen 0.15/turn                (no ring)

@: no status effects
A: no striking features
a: Renounce Religion


You were in the Dungeon.
You worshipped Vehumet.
Vehumet was noncommittal.
You visited 1 branch You collected 32 gold pieces.

Inventory:

Armour
 a - a +0 robe (worn)
Scrolls
 g - a scroll of blinking
 i - a scroll of immolation {unknown}
 j - 4 scrolls of identify
 l - a scroll of poison {unknown}
Potions
 b - 3 potions of magic
 c - a potion of curing
 d - 3 potions of heal wounds
 e - 2 potions of haste
 f - a potion of berserk rage
 h - 4 potions of mutation {unknown}
 k - 3 potions of flight


   Skills:
 - Level 2.4 Dodging
 - Level 2.4 Stealth
 + Level 8.0 Spellcasting
 + Level 3.7 Conjurations
 - Level 1.1 Transmutations
 * Level 9.5 Earth Magic


You had 14 spell levels left.
You knew the following spells:

 Your Spells              Type           Power      Damage    Failure   Level
a - Sandblast             Erth           100%       2d20      1%          1
b - Passwall              Tmut/Erth      26%        N/A       1%          2
c - Stone Arrow           Conj/Erth      74%        3d11      1%          3

Your spell library contained the following spells:

 Spells                   Type           Power      Damage    Failure   Level
 Slow                     Hex            32%        N/A       8%          1
 Petrify                  Tmut/Erth      32%        N/A       9%          4
 Confusing Touch          Hex            8%         N/A       22%         3
 Vampiric Draining        Necr           8%         2d6       22%         3
 Irradiate                Conj/Tmut      9%         3d14      58%         5
 Blade Hands              Tmut           6%         N/A       78%         5
 Dragon Form              Tmut           6%         N/A       100%        7


Dungeon Overview and Level Annotations

Branches:
Dungeon (1/1)

Altars:
Elyvilon
Kikubaaqudgha
Sif Muna
Vehumet
Zin
The Shining One


Message History

You open the door.
A deep elf pyromancer comes into view.
It is wielding a +2 long sword of holy wrath.
The deep elf pyromancer shouts!
Found a potion of curing.
Found three altars.
Casting: Stone Arrow (safe; 1% risk of failure)
Confirm with . or Enter, or press ? or * to list all spells.
Aiming: Stone Arrow (safe; 1% risk of failure)
Press: ? - help, Shift-Dir - straight line, f - deep elf pyromancer
Aim: a deep elf pyromancer, wielding a +2 long sword of holy wrath (64% to hit)
The stone arrow hits the deep elf pyromancer!!
The deep elf pyromancer is heavily wounded.
Casting: Stone Arrow (safe; 1% risk of failure)
Confirm with . or Enter, or press ? or * to list all spells.
Aiming: Stone Arrow (safe; 1% risk of failure)
Press: ? - help, Shift-Dir - straight line, f/p - deep elf pyromancer
Aim: a deep elf pyromancer, wielding a +2 long sword of holy wrath (heavily wounded, 64% to hit)
The stone arrow misses the deep elf pyromancer.
The deep elf pyromancer casts a spell at you.
The sticky flame hits you!
You are covered in liquid flames!
Unknown command.
Casting: Stone Arrow (safe; 1% risk of failure)
Confirm with . or Enter, or press ? or * to list all spells.
Aiming: Stone Arrow (safe; 1% risk of failure)
Press: ? - help, Shift-Dir - straight line, f/p - deep elf pyromancer
Aim: a deep elf pyromancer, wielding a +2 long sword of holy wrath (heavily wounded, 64% to hit)
The stone arrow misses the deep elf pyromancer.
You are covered in liquid flames!
The deep elf pyromancer barely misses you.
Casting: Stone Arrow (safe; 1% risk of failure)
Confirm with . or Enter, or press ? or * to list all spells.
Aiming: Stone Arrow (safe; 1% risk of failure)
Press: ? - help, Shift-Dir - straight line, f/p - deep elf pyromancer
Aim: a deep elf pyromancer, wielding a +2 long sword of holy wrath (heavily wounded, 64% to hit)
The stone arrow hits the deep elf pyromancer!
The deep elf pyromancer is almost dead.
You are covered in liquid flames!
* * * LOW HITPOINT WARNING * * *
The deep elf pyromancer hits you with a +2 long sword of holy wrath!
You die...

▓▓▓ ▓▓▓ ..#### ##.####
.†...#####..#___
......#..#..#!..
.##...#..#..###e#+###+##
.###..##'#..#...@......#
#.##..###...'.⌠........#
.##..## #...#...######+#
.##..# #....#.⌠.#
##)..##.....#...#
#....#......#'###
#..##.#.....#.).#
#..#####....#___# ▓▓▓▓
▓▓▓▓▓▓▓▓▓▓


You could see a deep elf pyromancer.

Vanquished Creatures
  A water elemental (D)
  A wizard (D)
  Jessica (D)
  A human (D)
  A kobold demonologist (D)
  A wolf (D)
  An endoplasm (D)
  2 rats (D)
9 creatures vanquished.

Notes
Turn   | Place    | Note
-------+----------+-------------------------------------------
     0 | D        | rocky1 the Deep Elf Earth Elementalist began the quest for
                  | the Orb.
     0 | D        | Reached XP level 1. HP: 10/10 MP: 6/6
    30 | D        | Reached skill level 4 in Earth Magic
   112 | D        | Noticed Jessica
   114 | D        | Killed Jessica
   115 | D        | Reached skill level 5 in Spellcasting
   115 | D        | Reached skill level 6 in Earth Magic
   115 | D        | Reached XP level 2. HP: 15/15 MP: 7/10
   115 | D        | Reached XP level 3. HP: 19/19 MP: 7/11
   151 | D        | Learned a level 2 spell: Passwall
   155 | D        | Learned a level 3 spell: Stone Arrow
   190 | D        | Reached skill level 7 in Earth Magic
   258 | D        | Noticed a water elemental
   260 | D        | Killed a water elemental
   261 | D        | Reached skill level 8 in Earth Magic
   261 | D        | Reached XP level 4. HP: 24/24 MP: 6/15
   331 | D        | Found a radiant altar of Vehumet.
   331 | D        | Found a shimmering blue altar of Sif Muna.
   331 | D        | Found an ancient bone altar of Kikubaaqudgha.
   331 | D        | Noticed a wizard
   332 | D        | Killed a wizard
   333 | D        | Reached skill level 9 in Earth Magic
   333 | D        | Reached XP level 5. HP: 28/28 MP: 13/17
   402 | D        | Became a worshipper of Vehumet
   513 | D        | Found a glowing silver altar of Zin.
   513 | D        | Found a glowing golden altar of the Shining One.
   513 | D        | Found a white marble altar of Elyvilon.
   513 | D        | Noticed a deep elf pyromancer
   517 | D        | Slain by a deep elf pyromancer

Illustrated notes

Levels and vault maps discovered:
D:        dungeon_sprint_mu [sprint_mu_entry_cave, sprint_mu_temple_rooms,
          sprint_mu_d1_spiders, sprint_mu_d2_genie, sprint_mu_d3_branching,
          sprint_mu_orc_legion, sprint_mu_elf_gauntlet, sprint_mu_hive_nellie,
          sprint_mu_lair_fedhas, sprint_mu_vaults_butterflies,
          sprint_mu_slime_circle, sprint_mu_swamp_cave, sprint_mu_shoals_archi,
          sprint_mu_blade_basic, sprint_mu_crypt_chambers,
          sprint_mu_tomb_spiral, sprint_mu_vestibule_basic,
          sprint_mu_gehenna_hellfire, sprint_mu_dis_giant,
          sprint_mu_tartarus_statrot, sprint_mu_cocytus_islands, sprint_mu_zot1]

Skill      XL: |  1  2  3  4  5 |
---------------+----------------+-----
Earth Magic    | 6 8 9 |  9.5
Spellcasting   | 5 7 8 |  8.0
Conjurations   | 2 3 |  3.7
Dodging        | |  2.4
Stealth        | |  2.4
Transmutations | |  1.1

Action                   |  1- 3 |  4- 6 || total
-------------------------+-------+-------++-------
 Cast: Sandblast         |    12 |       ||    12
       Stone Arrow       |     3 |     7 ||    10
       Passwall          |     1 |       ||     1
Dodge: Dodged            |     2 |     1 ||     3

Table legend: (Time is in decaauts)
 A = Elapsed time spent in this place.
 B = Non-inter-level travel time spent in this place.
 C = Inter-level travel time spent in this place.
 D = Time resting spent in this place.
 E = Time spent auto-exploring this place.
 F = Levels seen in this place.
 G = Mean time per level.
                   A        B        C        D        E       F      G
               +--------+--------+--------+--------+--------+-----+--------+
         Total |    523 |    523 |      0 |    358 |     33 |   1 |  523.0 |
       Dungeon |    523 |    523 |      0 |    358 |     33 |   1 |  523.0 |
               +--------+--------+--------+--------+--------+-----+--------+

Top non-repeatable levels by time:
       D: 523 daAuts
